Unix NetHack Version 5.0.0-0 post-release - last build May 23 2026 06:08:33 (1c0ff79ee797540d5714e4e18072db0edd9e58ae,branch:main).

Game began 2026-05-28 20:03:36, ended 2026-05-28 20:17:21.

Brudee, neutral female human Tourist

     -----------     --------------
     |.........|     |....<.......|       ------
     |..........#    |............|    ###.....|
     |.....%...|#    |............|    #  |..i.|
     --|--------#    |...........{|    #  |....|
       #        #    -.---.--------#######-....|
       #        #     ## ##        #   #  |...`|
       #        #     ## ### ###########  ------
       #        #     #    #      #
       #        #    ##    ###    #
   ----|---    ## ####       ##   B
   |......|    #--|-----      ### @
   |!!!!.!|    #|......|     ---|-#
   |!!!!.!|    #|{.....|     |..[|#
   --------    #.......|     |...|#
                |......|     |....#
                --------     |...|
                             --.--

Brudee the Sightseer        St:10 Dx:12 Co:18 In:14 Wi:8 Ch:13  Neutral S:351
Dlvl:3  $:331 HP:0(25) Pw:13(13) AC:10 Xp:3/52 T:1290  Hungry  

Latest messages:
 You swap places with Sparky.
 You stop.  Sparky is in the way!
 You swap places with Sparky.
 You are carrying too much to get through.
 You find a hidden passage.
 You hit the goblin.
 In what direction? j
 The dart misses the goblin.
 The goblin hits!
 In what direction? j
 You kill the goblin!
 a - a +2 dart (at the ready) (20 in total).
 Sparky eats a goblin corpse.
 $ - 4 gold pieces (325 in total).
 You swap places with the peaceful little dog.
 It bites the little dog.
 The little dog is killed!
 H - a scroll labeled ASHPD SODALG.
 $ - 6 gold pieces (331 in total).
 The door resists!
 The door resists!
 The door resists!
 The door opens.
 You swap places with Sparky.
 You swap places with Sparky.
 You are beginning to feel hungry.
 You swap places with Sparky.
 You stop.  Sparky is in the way!
 You swap places with Sparky.
 You swap places with Sparky.
 You swap places with Sparky.
 You hear some noises.
 The giant bat bites!
 In what direction? k
 The dart hits the giant bat.
 The giant bat bites!
 It misses the giant bat.
 The giant bat bites!
 It misses the giant bat.
 In what direction? k
 The dart hits the giant bat!
 The giant bat bites!
 It misses the giant bat.
 The giant bat bites!
 In what direction? k
 The dart misses the giant bat.
 The giant bat bites!
 You die...
 Do you want your possessions identified? [ynq] (y) y
 Do you want to see your attributes? [ynq] (y) q

Inventory:
 Coins    ('$')
  $ - 331 gold pieces
 Weapons  (')')
  a - 17 +2 darts (at the ready)
  t - a cursed -1 axe
  E - a cursed fireproof +0 elven broadsword
 Armor    ('[')
  i - an uncursed +0 Hawaiian shirt with a ukulele motif (being worn)
 Comestibles  ('%')
  d - an uncursed slime mold
  C - an uncursed cram ration
  c - 4 uncursed food rations
  f - 4 uncursed fortune cookies
  b - 3 uncursed tripe rations
  e - an uncursed egg
 Scrolls  ('?')
  q - an uncursed scroll of amnesia
  p - an uncursed scroll of fire
  n - an uncursed scroll of gold detection
  h - 4 uncursed scrolls of magic mapping
  H - an uncursed scroll of scare monster
 Spellbooks  ('+')
  l - an uncursed spellbook of detect food
  y - an uncursed spellbook of magic missile
  D - an uncursed spellbook of remove curse
 Potions  ('!')
  g - 2 uncursed potions of extra healing
  o - an uncursed potion of healing
  r - an uncursed potion of levitation
  v - an uncursed potion of paralysis
  u - a cursed potion of see invisible
  G - an uncursed potion of water
 Wands    ('/')
  x - a wand of cancellation (0:6)
  A - a wand of stasis (0:3)
  F - a wand of teleportation (0:8)
 Tools    ('(')
  B - an uncursed blindfold
  s - a cursed blindfold
  k - an uncursed credit card
  j - an expensive camera (0:37)
  w - a cursed tin whistle
 Gems/Stones  ('*')
  m - an uncursed worthless piece of blue glass

Brudee the Tourist's attributes:

Background:
 You were a Sightseer, a level 3 female human Tourist.
 You were neutral, on a mission for The Lady
 who was opposed by Blind Io (lawful) and Offler (chaotic).
 You were right-handed.
 You were in the Dungeons of Doom, on level 3.
 You entered the dungeon 1290 turns ago.
 You had 52 experience points, 28 more were needed to attain level 4.
 Your score was 351 before end-of-game adjustments.

Basics:
 You had 0 out of 25 hit points.
 You had all 13 energy points (spell power).
 Your armor class was 10.
 Your wallet contained 331 zorkmids.
 Autopickup was on for '$!=+?/"' plus thrown.

Final Characteristics:
 Your strength was 10 (limit:18/100).
 Your dexterity was 12 (limit:18).
 Your constitution was 18 (limit:18).
 Your intelligence was 14 (limit:18).
 Your wisdom was 8 (limit:18).
 Your charisma was 13 (limit:18).

Final Status:
 You were hungry.
 You were unencumbered.
 You were bare handed.
 You were unskilled in bare handed combat.

Final Attributes:
 You had sinned.
 You are dead.

Miscellaneous:
 You didn't encounter any bones levels.
 Total elapsed playing time was 13 minutes and 43 seconds.

Major events:
 Turn
    1: Brudee the neutral female human Tourist entered the dungeon
  971: attained the rank of Sightseer (level 3)
 1290: killed by a giant bat

You didn't know any spells.

Skills:
 Fighting Skills
   bare handed combat [Unskilled]
   two weapon combat  [Unskilled]
   riding             [Unskilled]
 Weapon Skills
   dagger             [Unskilled]
   knife              [Unskilled]
   axe                [Unskilled]
   pick-axe           [Unskilled]
   short sword        [Unskilled]
   broadsword         [Unskilled]
   long sword         [Unskilled]
   two-handed sword   [Unskilled]
   saber              [Unskilled]
   mace               [Unskilled]
   morning star       [Unskilled]
   flail              [Unskilled]
   hammer             [Unskilled]
   quarterstaff       [Unskilled]
   polearms           [Unskilled]
   spear              [Unskilled]
   trident            [Unskilled]
   lance              [Unskilled]
   bow                [Unskilled]
   sling              [Unskilled]
   crossbow           [Unskilled]
   dart               [Basic]
   shuriken           [Unskilled]
   boomerang          [Unskilled]
   whip               [Unskilled]
   unicorn horn       [Unskilled]
 Spellcasting Skills
   divination spells  [Unskilled]
   enchantment spells [Unskilled]
   escape spells      [Unskilled]

Voluntary challenges:
 Character rerolling was not enabled.
 You never hit with a wielded weapon.
 You were illiterate.
 You never genocided any monsters.
 You never polymorphed an object.
 You never changed form.
 You used no wishes.
Achievements:
 You attained the rank of Sightseer.
 You entered a shop.

 The Dungeons of Doom: levels 1 to 3
    Level 1:
       An altar to The Lady, a fountain, a grave.
    Level 2:
       A fountain.
    Level 3: <- You were here.
       A potion shop, some fountains.
       Final resting place for
          you, killed by a giant bat.


Vanquished creatures:
  a little dog
  2 acid blobs
  a gas spore
  3 jackals
  2 foxes
  a goblin
  3 grid bugs
  3 lichens
  2 newts
18 creatures vanquished.

No species were genocided or became extinct.

Game over:
                       ----------
                      /          \
                     /    REST    \
                    /      IN      \
                   /     PEACE      \
                  /                  \
                  |      Brudee      |
                  |      331 Au      |
                  |   killed by a    |
                  |    giant bat     |
                  |                  |
                  |                  |
                  |       2026       |
                 *|     *  *  *      | *
        _________)/\\_//(\/(/\)/\//\/|_)_______

Aloha Brudee the Tourist...

You died in The Dungeons of Doom on dungeon level 3 with 347 points,
and 331 pieces of gold, after 1290 moves.
You were level 3 with a maximum of 25 hit points when you died.

